Hurricanes vs Avalanche

Created - January-11-13 at 19:12

Goals
1 2 3 T
Hurricanes 1 4 1 6
Avalanche 0 1 1 2
Shots
1 2 3 T
Hurricanes 2 9 3 14
Avalanche 5 2 6 13

1st period

1. Hurricanes , Patrik Elias 12 (Matt Greene, Anton Volchenkov) at 7:34

Penalties :
Brayden Schenn (COL) for Slashing (Minor) at 1:46, Maxim Lapierre (CAR) for Holding (Minor) at 5:02, Anton Volchenkov (CAR) for Interference (Minor) at 16:47

2nd period

2. Hurricanes , Patrik Elias 13 (Jarome Iginla, Duncan Keith) at 0:43
3. Hurricanes , Eric Staal 15 (Patrik Elias, Matt Greene) at 11:42 (PP)
4. Hurricanes , Joffrey Lupul 14 (Matt Greene, Sheldon Brookbank) at 13:58
5. Hurricanes , Joffrey Lupul 15 (Matt Greene, Anton Volchenkov) at 15:43 (PP)
6. Avalanche , Marcus Foligno 1 (Michal Rozsival, Matt Halischuk) at 18:47

Penalties :
Chad LaRose (CAR) for Tripping (Minor) at 4:58, Milan Jurcina (COL) for Goalie Interference (Minor) at 7:49, Milan Jurcina (COL) for Hooking (Minor) at 10:09, Milan Jurcina (COL) for Holding (Minor) at 14:18, Michael Del Zotto (COL) for Hooking (Minor) at 19:48

3rd period

7. Hurricanes , Shane OBrien 3 (Sheldon Brookbank, Joffrey Lupul) at 3:25
8. Avalanche , Kevin Shattenkirk 1 (Teemu Selanne, Michael Del Zotto) at 6:47 (PP)

Penalties :
Anton Volchenkov (CAR) for Hooking (Minor) at 6:13, Matt Greene (CAR) for Hooking (Minor) at 7:31, Jason Chimera (CAR) for Hooking (Minor) at 10:06, Kevin Shattenkirk (COL) for Slashing (Minor) at 14:17

Goalie Stats

Mike Smith (CAR), 11 saves from 13 shots - (0.846), W, 25-13-3, 60:00 minutes
Antti Niemi (COL), 5 saves from 7 shots - (0.714), 26:02 minutes
Evgeni Nabokov (COL), 3 saves from 7 shots - (0.429), L, 2-8-2, 33:58 minutes

Players Stats for Hurricanes

Player Name              G  A  P  +/- PIM S  H  SB GA TA FO     MP     PP MP  PK MP  
------------------------------------------------------------------------------------
Aaron Johnson            0  0  0   1  0   0  2  0  0  0  0/0    12:54   0:00   2:20 
Anton Volchenkov         0  2  2   1  4   1  1  0  0  0  0/0    21:30   4:24   3:04 
Chad LaRose              0  0  0   0  2   0  2  0  0  0  1/2    11:49   0:00   0:00 
Daniel Winnik            0  0  0   1  0   0  0  0  0  0  1/1     3:54   0:00   1:00 
Darroll Powe             0  0  0   0  0   1  1  0  0  0  3/6    11:50   0:00   0:00 
Duncan Keith             0  1  1   1  0   0  1  1  0  0  0/0    25:13   6:30   5:20 
Eric Staal               1  0  1   1  0   3  1  0  0  0  2/2    22:43   6:04   4:49 
Filip Kuba               0  0  0   1  0   1  1  2  0  0  0/0    25:24   6:30   5:31 
Jarome Iginla            0  1  1   1  0   1  2  0  0  0  4/6    22:34   6:04   4:40 
Jason Chimera            0  0  0   0  2   0  0  0  0  0  0/0    11:49   0:00   0:00 
Jesse Winchester         0  0  0   1  0   0  0  0  0  0  0/2     2:54   0:00   0:00 
Joffrey Lupul            2  1  3   1  0   3  0  0  0  0  2/2    22:33   4:50   5:40 
Matt Greene              0  4  4   1  2   0  2  0  0  0  0/0    21:20   4:24   2:53 
Maxim Lapierre           0  0  0   1  2   0  1  0  0  0  10/17  16:52   4:50   0:00 
Patrik Elias             2  1  3   2  0   2  0  0  0  0  14/23  24:47   6:04   4:49 
Shane OBrien             1  0  1   1  0   1  2  1  0  0  0/0    11:58   0:00   0:48 
Sheldon Brookbank        0  2  2   1  0   1  1  0  0  0  0/0    18:31   4:50   1:02 
Warren Peters            0  0  0   0  0   0  0  0  0  0  0/0     0:50   0:00   0:00 

Players Stats for Avalanche

Player Name              G  A  P  +/- PIM S  H  SB GA TA FO     MP     PP MP  PK MP  
------------------------------------------------------------------------------------
Brayden McNabb           0  0  0   0  0   0  2  1  0  0  0/0    15:25   0:00   1:12 
Brayden Schenn           0  0  0  -1  2   0  2  0  0  0  0/3     7:52   0:00   0:38 
Chris Stewart            0  0  0   0  0   1  2  0  0  0  0/0    11:15   0:00   0:00 
Craig Adams              0  0  0   0  0   1  0  1  0  0  0/0    11:42   0:00   0:27 
Derek Stepan             0  0  0  -2  0   1  2  0  0  0  9/22   20:26   6:04   3:29 
Jeff Skinner             0  0  0   0  0   1  0  0  0  0  0/0    13:39   4:25   0:00 
John Carlson             0  0  0  -1  0   0  0  1  0  0  0/0    20:53   3:51   5:03 
Justin Abdelkader        0  0  0   0  0   0  1  0  0  0  3/10   11:15   0:00   0:00 
Kevin Shattenkirk        1  0  1  -2  2   3  1  2  0  0  0/0    23:48   6:38   4:20 
Kyle Turris              0  0  0   0  0   0  1  0  0  0  5/10   13:39   4:25   0:00 
Marcus Foligno           1  0  1  -1  0   1  1  0  0  0  0/0     7:15   0:00   0:00 
Marcus Johansson         0  0  0  -2  0   0  0  0  0  0  0/2    20:26   6:04   3:29 
Marian Hossa             0  0  0  -2  0   1  0  1  0  0  6/13   23:55   6:04   6:58 
Matt Halischuk           0  1  1  -1  0   1  0  0  0  0  1/1     7:15   0:00   0:00 
Michael Del Zotto        0  1  1  -2  2   1  1  0  0  0  0/0    22:58   6:38   4:32 
Michal Rozsival          0  1  1  -1  0   0  0  2  0  0  0/0    21:27   3:51   6:03 
Milan Jurcina            0  0  0   0  6   0  0  1  0  0  0/0    15:00   0:00   0:14 
Teemu Selanne            0  1  1   0  0   2  0  0  0  0  0/0    20:50   4:25   7:11 

3 Stars

1 - Patrik Elias (CAR)
2 - Joffrey Lupul (CAR)
3 - Matt Greene (CAR)

Power Play

Hurricanes - 2 on 6 Attempt(s) - 33.33%
Avalanche - 1 on 6 Attempt(s) - 16.67%

Penalty Kill

Hurricanes - 5 on 6 Attempt(s) - 83.33% - Score 0 goal in Penalty Kill
Avalanche - 4 on 6 Attempt(s) - 66.67% - Score 0 goal in Penalty Kill

Official

Referees : Tom Kowal and Jean Hebert
Linesman : David Brisebois and Vaughan Rody

Game Notes

Antti Niemi enters game at 13:58 of 2nd period

Finance

Level 1 -- Attendance: 6184 (95.14%) -- Ticket Income $630,768
Level 2 -- Attendance: 4851 (97.02%) -- Ticket Income $363,825
Level 3 -- Attendance: 3216 (91.89%) -- Ticket Income $176,880
Level 4 -- Attendance: 2007 (100.00%) -- Ticket Income $90,315
Luxury Box -- Attendance: 1000 (100.00%) -- Ticket Income $200,000
Game was played at the Pepsi Center
Total Attendance: 17258 (95.84%)
Total Ticket Income: $1,461,788
Other Income: $219,268
Total Income: $1,681,056


% Time on Ice - Hurricanes

Lines # - Real PCT - Wanted PCT - Time Play
Normal Forward
1 - 31% - 40% - 11:50
2 - 31% - 30% - 12:03
3 - 31% - 20% - 11:50
4 - 8% - 10% - 2:54
Normal Defense
1 - 33% - 40% - 12:46
2 - 36% - 30% - 14:04
3 - 29% - 15% - 11:10
4 - 2% - 15% - 0:37
PP Forward
1 - 56% - 50% - 6:04
2 - 44% - 50% - 4:50
PP Defense
1 - 60% - 50% - 6:30
2 - 40% - 50% - 4:24
PK Forward
1 - 46% - 50% - 4:49
2 - 54% - 50% - 5:40
PK Defense
1 - 55% - 50% - 5:46
2 - 45% - 50% - 4:43
PK3 Forward
1 - 0% - 50%
2 - 0% - 50%
PK3 Defense
1 - 0% - 50%
2 - 0% - 50%
44 Forward
1 - 0% - 50%
2 - 0% - 50%
44 Defense
1 - 0% - 50%
2 - 0% - 50%
Last Minute Offensive  - 0:00
Last Minute Defensive  - 0:00
Total
Forward - 60:00
Defense - 60:00

% Time on Ice - Avalanche

Lines # - Real PCT - Wanted PCT - Time Play
Normal Forward
1 - 28% - 40% - 10:53
2 - 24% - 30% - 9:14
3 - 29% - 20% - 11:15
4 - 19% - 10% - 7:15
Normal Defense
1 - 33% - 40% - 12:51
2 - 30% - 30% - 11:33
3 - 37% - 20% - 14:13
4 - 0% - 10% - 0:00
PP Forward
1 - 58% - 60% - 6:04
2 - 42% - 40% - 4:25
PP Defense
1 - 63% - 60% - 6:38
2 - 37% - 40% - 3:51
PK Forward
1 - 68% - 60% - 7:25
2 - 32% - 40% - 3:29
PK Defense
1 - 57% - 60% - 6:15
2 - 43% - 40% - 4:39
PK3 Forward
1 - 0% - 60%
2 - 0% - 40%
PK3 Defense
1 - 0% - 60%
2 - 0% - 40%
44 Forward
1 - 0% - 60%
2 - 0% - 40%
44 Defense
1 - 0% - 60%
2 - 0% - 40%
Last Minute Offensive  - 0:00
Last Minute Defensive  - 0:00
Total
Forward - 60:00
Defense - 60:00

Play by Play

1st period


0:01 of 1st period - Patrik Elias wins face-off versus Derek Stepan in neutral zone.
0:07 of 1st period - Marian Hossa is hit by Duncan Keith and loses puck.
0:44 of 1st period - Icing by Kevin Shattenkirk.
0:45 of 1st period - Derek Stepan wins face-off versus Maxim Lapierre in Avalanche zone.
1:32 of 1st period - Icing by Matt Greene.
1:33 of 1st period - Maxim Lapierre wins face-off versus Justin Abdelkader in Hurricanes zone.
1:43 of 1st period - Icing by Joffrey Lupul.
1:44 of 1st period - Maxim Lapierre wins face-off versus Brayden Schenn in Hurricanes zone.
1:46 of 1st period - Minor Penalty to Brayden Schenn for Slashing.
1:47 of 1st period - Jarome Iginla wins face-off versus Marian Hossa in Avalanche zone.
1:54 of 1st period - Shot by Eric Staal.
1:54 of 1st period - Deflect By Patrik Elias.
1:54 of 1st period - Shot Blocked by Kevin Shattenkirk.
4:08 of 1st period - Icing by Milan Jurcina.
4:09 of 1st period - Chad LaRose wins face-off versus Justin Abdelkader in Avalanche zone.
4:28 of 1st period - Aaron Johnson is hit by Chris Stewart and loses puck.
5:02 of 1st period - Minor Penalty to Maxim Lapierre for Holding.
5:03 of 1st period - Patrik Elias wins face-off versus Marcus Johansson in Hurricanes zone.
5:15 of 1st period - Off-side.
5:16 of 1st period - Patrik Elias wins face-off versus Kyle Turris in neutral zone.
5:22 of 1st period - Icing by Michal Rozsival.
5:23 of 1st period - Kyle Turris wins face-off versus Jarome Iginla in Avalanche zone.
6:02 of 1st period - Shot by Michal Rozsival.
6:02 of 1st period - Shot Blocked by Filip Kuba.
6:04 of 1st period - Shot by Teemu Selanne.
6:04 of 1st period - Stopped by Mike Smith without a rebound.
6:05 of 1st period - Jarome Iginla wins face-off versus Derek Stepan in Hurricanes zone.
6:05 of 1st period - Joffrey Lupul is hit by Derek Stepan and loses puck.
6:10 of 1st period - Shot by Derek Stepan.
6:10 of 1st period - Shot Misses the Net.
6:12 of 1st period - Shot by Kevin Shattenkirk.
6:12 of 1st period - Stopped by Mike Smith without a rebound.
6:13 of 1st period - Derek Stepan wins face-off versus Jarome Iginla in Hurricanes zone.
6:14 of 1st period - Shot by Kevin Shattenkirk.
6:14 of 1st period - Shot Misses the Net.
7:34 of 1st period - Shot by Patrik Elias.
7:34 of 1st period - Goal by Patrik Elias - Hurricanes : 1 - Avalanche : 0.
7:35 of 1st period - Darroll Powe wins face-off versus Kyle Turris in neutral zone.
8:16 of 1st period - Shot by Jeff Skinner.
8:16 of 1st period - Stopped by Mike Smith without a rebound.
8:17 of 1st period - Patrik Elias wins face-off versus Derek Stepan in Hurricanes zone.
8:45 of 1st period - Shot by Derek Stepan.
8:45 of 1st period - Deflect By Marian Hossa.
8:45 of 1st period - Stopped by Mike Smith without a rebound.
8:46 of 1st period - Maxim Lapierre wins face-off versus Justin Abdelkader in Hurricanes zone.
9:16 of 1st period - Maxim Lapierre is hit by Justin Abdelkader and loses puck.
10:20 of 1st period - Shot by Marian Hossa.
10:20 of 1st period - Shot Hit the Post.
10:22 of 1st period - Shot by Michael Del Zotto.
10:22 of 1st period - Shot Misses the Net.
10:24 of 1st period - Shot by Derek Stepan.
10:24 of 1st period - Deflect By Marian Hossa.
10:24 of 1st period - Shot Misses the Net.
10:26 of 1st period - Shot by Marian Hossa.
10:26 of 1st period - Shot Misses the Net.
11:10 of 1st period - Shot by Jeff Skinner.
11:10 of 1st period - Deflect By Teemu Selanne.
11:10 of 1st period - Stopped by Mike Smith without a rebound.
11:11 of 1st period - Joffrey Lupul wins face-off versus Brayden Schenn in Hurricanes zone.
11:11 of 1st period - Joffrey Lupul is hit by Marcus Foligno.
11:25 of 1st period - Anton Volchenkov is hit by Brayden Schenn and loses puck.
11:34 of 1st period - Shot by Joffrey Lupul.
11:34 of 1st period - Shot Hit the Post.
11:53 of 1st period - Icing by Joffrey Lupul.
11:54 of 1st period - Maxim Lapierre wins face-off versus Marcus Johansson in Hurricanes zone.
12:33 of 1st period - Shot by Darroll Powe.
12:33 of 1st period - Stopped by Evgeni Nabokov without a rebound.
12:34 of 1st period - Kyle Turris wins face-off versus Jesse Winchester in Avalanche zone.
13:49 of 1st period - Icing by Filip Kuba.
13:50 of 1st period - Derek Stepan wins face-off versus Jesse Winchester in Hurricanes zone.
15:41 of 1st period - Shot by Jason Chimera.
15:41 of 1st period - Shot Blocked by Brayden McNabb.
15:46 of 1st period - Jason Chimera is hit by Brayden McNabb and loses puck.
16:32 of 1st period - Matt Halischuk is hit by Anton Volchenkov and loses puck.
16:47 of 1st period - Minor Penalty to Anton Volchenkov for Interference.
16:48 of 1st period - Jarome Iginla wins face-off versus Derek Stepan in Hurricanes zone.
16:48 of 1st period - Jarome Iginla is hit by Derek Stepan.
17:11 of 1st period - Kevin Shattenkirk is hit by Eric Staal and loses puck.
17:32 of 1st period - Shot by Michael Del Zotto.
17:32 of 1st period - Shot Misses the Net.
18:04 of 1st period - Jarome Iginla is hit by Kyle Turris and loses puck.
18:18 of 1st period - Off-side.
18:19 of 1st period - Jarome Iginla wins face-off versus Derek Stepan in neutral zone.
18:52 of 1st period - Justin Abdelkader is hit by Shane OBrien and loses puck.
18:58 of 1st period - Justin Abdelkader is hit by Shane OBrien and loses puck.
19:02 of 1st period - Justin Abdelkader is hit by Aaron Johnson and loses puck.

2nd period


0:01 of 2nd period - Patrik Elias wins face-off versus Derek Stepan in neutral zone.
0:43 of 2nd period - Shot by Jarome Iginla.
0:43 of 2nd period - Deflect By Patrik Elias.
0:43 of 2nd period - Goal by Patrik Elias - Hurricanes : 2 - Avalanche : 0.
0:44 of 2nd period - Maxim Lapierre wins face-off versus Kyle Turris in neutral zone.
0:59 of 2nd period - Icing by Michal Rozsival.
1:00 of 2nd period - Kyle Turris wins face-off versus Darroll Powe in Avalanche zone.
1:50 of 2nd period - Aaron Johnson is hit by Michael Del Zotto and loses puck.
3:44 of 2nd period - Chris Stewart is hit by Matt Greene and loses puck.
4:15 of 2nd period - John Carlson is hit by Filip Kuba.
4:58 of 2nd period - Minor Penalty to Chad LaRose for Tripping.
4:59 of 2nd period - Patrik Elias wins face-off versus Derek Stepan in Hurricanes zone.
5:05 of 2nd period - Icing by Michael Del Zotto.
5:06 of 2nd period - Patrik Elias wins face-off versus Derek Stepan in Avalanche zone.
5:29 of 2nd period - Shot by Marian Hossa.
5:29 of 2nd period - Shot Misses the Net.
6:31 of 2nd period - Shot by Derek Stepan.
6:31 of 2nd period - Stopped by Mike Smith without a rebound.
6:32 of 2nd period - Derek Stepan wins face-off versus Patrik Elias in Hurricanes zone.
7:13 of 2nd period - Shot by Chad LaRose.
7:13 of 2nd period - Shot Blocked by Craig Adams.
7:28 of 2nd period - Icing by Milan Jurcina.
7:29 of 2nd period - Maxim Lapierre wins face-off versus Justin Abdelkader in Avalanche zone.
7:49 of 2nd period - Minor Penalty to Milan Jurcina for Goalie Interference.
7:50 of 2nd period - Patrik Elias wins face-off versus Marian Hossa in Avalanche zone.
8:45 of 2nd period - Shot by Joffrey Lupul.
8:45 of 2nd period - Shot Misses the Net.
9:03 of 2nd period - Shot by Filip Kuba.
9:03 of 2nd period - Shot Blocked by John Carlson.
9:37 of 2nd period - Shot by Eric Staal.
9:37 of 2nd period - Stopped by Evgeni Nabokov without a rebound.
9:38 of 2nd period - Eric Staal wins face-off versus Derek Stepan in Avalanche zone.
9:39 of 2nd period - Shot by Duncan Keith.
9:39 of 2nd period - Shot Blocked by Kevin Shattenkirk.
9:43 of 2nd period - Shot by Patrik Elias.
9:43 of 2nd period - Shot Hit the Post.
10:09 of 2nd period - Minor Penalty to Milan Jurcina for Hooking.
10:10 of 2nd period - Derek Stepan wins face-off versus Maxim Lapierre in Avalanche zone.
10:28 of 2nd period - Icing by Filip Kuba.
10:29 of 2nd period - Derek Stepan wins face-off versus Maxim Lapierre in Hurricanes zone.
11:22 of 2nd period - Icing by Eric Staal.
11:23 of 2nd period - Patrik Elias wins face-off versus Marian Hossa in Hurricanes zone.
11:42 of 2nd period - Shot by Eric Staal.
11:42 of 2nd period - Goal by Eric Staal - Hurricanes : 3 - Avalanche : 0.
11:43 of 2nd period - Darroll Powe wins face-off versus Justin Abdelkader in neutral zone.
11:56 of 2nd period - Icing by Aaron Johnson.
11:57 of 2nd period - Matt Halischuk wins face-off versus Chad LaRose in Hurricanes zone.
12:20 of 2nd period - Shot by Marcus Foligno.
12:20 of 2nd period - Shot Misses the Net.
12:30 of 2nd period - Shot by Brayden Schenn.
12:30 of 2nd period - Shot Misses the Net.
13:34 of 2nd period - Icing by Marian Hossa.
13:35 of 2nd period - Marian Hossa wins face-off versus Maxim Lapierre in Avalanche zone.
13:44 of 2nd period - Shot by Joffrey Lupul.
13:44 of 2nd period - Stopped by Evgeni Nabokov with a rebound.
13:50 of 2nd period - Shot by Joffrey Lupul.
13:50 of 2nd period - Shot Misses the Net.
13:54 of 2nd period - Shot by Sheldon Brookbank.
13:54 of 2nd period - Shot Blocked by Marian Hossa.
13:56 of 2nd period - Shot by Matt Greene.
13:56 of 2nd period - Shot Misses the Net.
13:58 of 2nd period - Shot by Joffrey Lupul.
13:58 of 2nd period - Goal by Joffrey Lupul - Hurricanes : 4 - Avalanche : 0.
13:58 of 2nd period - Antti Niemi enters game.
13:59 of 2nd period - Kyle Turris wins face-off versus Darroll Powe in neutral zone.
13:59 of 2nd period - Kyle Turris is hit by Darroll Powe.
14:18 of 2nd period - Minor Penalty to Milan Jurcina for Holding.
14:19 of 2nd period - Maxim Lapierre wins face-off versus Marian Hossa in Avalanche zone.
14:32 of 2nd period - Shot by Anton Volchenkov.
14:32 of 2nd period - Stopped by Antti Niemi without a rebound.
14:33 of 2nd period - Marian Hossa wins face-off versus Patrik Elias in Avalanche zone.
14:33 of 2nd period - Marian Hossa is hit by Jarome Iginla.
14:45 of 2nd period - Shot by Patrik Elias.
14:45 of 2nd period - Shot Blocked by Michal Rozsival.
14:51 of 2nd period - Shot by Eric Staal.
14:51 of 2nd period - Stopped by Antti Niemi without a rebound.
14:52 of 2nd period - Marian Hossa wins face-off versus Maxim Lapierre in Avalanche zone.
14:52 of 2nd period - Marian Hossa is hit by Sheldon Brookbank.
15:05 of 2nd period - Off-side.
15:06 of 2nd period - Patrik Elias wins face-off versus Marian Hossa in neutral zone.
15:29 of 2nd period - Shot by Eric Staal.
15:29 of 2nd period - Shot Misses the Net.
15:33 of 2nd period - Shot by Jarome Iginla.
15:33 of 2nd period - Stopped by Antti Niemi without a rebound.
15:34 of 2nd period - Maxim Lapierre wins face-off versus Derek Stepan in Avalanche zone.
15:43 of 2nd period - Shot by Joffrey Lupul.
15:43 of 2nd period - Goal by Joffrey Lupul - Hurricanes : 5 - Avalanche : 0.
15:44 of 2nd period - Justin Abdelkader wins face-off versus Patrik Elias in neutral zone.
15:47 of 2nd period - Duncan Keith is hit by Chris Stewart and loses puck.
16:16 of 2nd period - Shot by Justin Abdelkader.
16:16 of 2nd period - Shot Misses the Net.
16:26 of 2nd period - Icing by John Carlson.
16:27 of 2nd period - Justin Abdelkader wins face-off versus Maxim Lapierre in Avalanche zone.
17:37 of 2nd period - Shot by Jeff Skinner.
17:37 of 2nd period - Shot Misses the Net.
17:39 of 2nd period - Shot by Brayden McNabb.
17:39 of 2nd period - Shot Misses the Net.
18:47 of 2nd period - Shot by Marcus Foligno.
18:47 of 2nd period - Goal by Marcus Foligno - Hurricanes : 5 - Avalanche : 1.
18:48 of 2nd period - Patrik Elias wins face-off versus Justin Abdelkader in neutral zone.
18:51 of 2nd period - Kevin Shattenkirk is hit by Jarome Iginla and loses puck.
19:24 of 2nd period - Shot by Chris Stewart.
19:24 of 2nd period - Shot Misses the Net.
19:48 of 2nd period - Minor Penalty to Michael Del Zotto for Hooking.
19:49 of 2nd period - Patrik Elias wins face-off versus Marian Hossa in Avalanche zone.

3rd period


0:01 of 3rd period - Maxim Lapierre wins face-off versus Marian Hossa in neutral zone.
0:56 of 3rd period - Off-side.
0:57 of 3rd period - Marian Hossa wins face-off versus Patrik Elias in neutral zone.
1:27 of 3rd period - Icing by Jarome Iginla.
1:28 of 3rd period - Derek Stepan wins face-off versus Patrik Elias in Hurricanes zone.
2:03 of 3rd period - Kevin Shattenkirk is hit by Chad LaRose and loses puck.
3:23 of 3rd period - Shot by Sheldon Brookbank.
3:23 of 3rd period - Stopped by Antti Niemi with a rebound.
3:25 of 3rd period - Shot by Shane OBrien.
3:25 of 3rd period - Goal by Shane OBrien - Hurricanes : 6 - Avalanche : 1.
3:26 of 3rd period - Eric Staal wins face-off versus Derek Stepan in neutral zone.
3:59 of 3rd period - Patrik Elias is hit by Brayden McNabb and loses puck.
4:15 of 3rd period - Icing by Duncan Keith.
4:16 of 3rd period - Patrik Elias wins face-off versus Kyle Turris in Hurricanes zone.
5:19 of 3rd period - Shot by Craig Adams.
5:19 of 3rd period - Shot Misses the Net.
5:21 of 3rd period - Shot by Craig Adams.
5:21 of 3rd period - Stopped by Mike Smith without a rebound.
5:22 of 3rd period - Maxim Lapierre wins face-off versus Derek Stepan in Hurricanes zone.
5:59 of 3rd period - Brayden McNabb is hit by Maxim Lapierre and loses puck.
6:13 of 3rd period - Minor Penalty to Anton Volchenkov for Hooking.
6:14 of 3rd period - Daniel Winnik wins face-off versus Kyle Turris in Hurricanes zone.
6:41 of 3rd period - Shot by Michael Del Zotto.
6:41 of 3rd period - Stopped by Mike Smith with a rebound.
6:47 of 3rd period - Shot by Kevin Shattenkirk.
6:47 of 3rd period - Goal by Kevin Shattenkirk - Hurricanes : 6 - Avalanche : 2.
6:48 of 3rd period - Justin Abdelkader wins face-off versus Darroll Powe in neutral zone.
6:48 of 3rd period - Justin Abdelkader is hit by Chad LaRose.
6:51 of 3rd period - Michal Rozsival is hit by Matt Greene.
7:31 of 3rd period - Minor Penalty to Matt Greene for Hooking.
7:32 of 3rd period - Derek Stepan wins face-off versus Patrik Elias in Hurricanes zone.
7:33 of 3rd period - Shot by Kevin Shattenkirk.
7:33 of 3rd period - Stopped by Mike Smith without a rebound.
7:34 of 3rd period - Derek Stepan wins face-off versus Patrik Elias in Hurricanes zone.
10:06 of 3rd period - Minor Penalty to Jason Chimera for Hooking.
10:07 of 3rd period - Patrik Elias wins face-off versus Derek Stepan in Hurricanes zone.
10:28 of 3rd period - Shot by Marian Hossa.
10:28 of 3rd period - Shot Misses the Net.
11:17 of 3rd period - Shot by John Carlson.
11:17 of 3rd period - Shot Misses the Net.
11:19 of 3rd period - Shot by Michal Rozsival.
11:19 of 3rd period - Shot Misses the Net.
12:06 of 3rd period - Derek Stepan is hit by Aaron Johnson and loses puck.
12:11 of 3rd period - Shot by Craig Adams.
12:11 of 3rd period - Shot Misses the Net.
12:21 of 3rd period - Shot by Chris Stewart.
12:21 of 3rd period - Shot Blocked by Shane OBrien.
12:23 of 3rd period - Shot by Chris Stewart.
12:23 of 3rd period - Stopped by Mike Smith without a rebound.
12:24 of 3rd period - Joffrey Lupul wins face-off versus Brayden Schenn in Hurricanes zone.
12:35 of 3rd period - Shot by Sheldon Brookbank.
12:35 of 3rd period - Shot Misses the Net.
13:13 of 3rd period - Jason Chimera is hit by Brayden Schenn.
13:32 of 3rd period - Shot by Chad LaRose.
13:32 of 3rd period - Shot Blocked by Milan Jurcina.
14:17 of 3rd period - Minor Penalty to Kevin Shattenkirk for Slashing.
14:18 of 3rd period - Marian Hossa wins face-off versus Maxim Lapierre in Avalanche zone.
14:37 of 3rd period - Shot by Sheldon Brookbank.
14:37 of 3rd period - Shot Blocked by Michal Rozsival.
14:47 of 3rd period - Shot by Joffrey Lupul.
14:47 of 3rd period - Shot Misses the Net.
14:49 of 3rd period - Shot by Filip Kuba.
14:49 of 3rd period - Stopped by Antti Niemi without a rebound.
14:50 of 3rd period - Marian Hossa wins face-off versus Patrik Elias in Avalanche zone.
16:18 of 3rd period - Icing by Michal Rozsival.
16:19 of 3rd period - Darroll Powe wins face-off versus Justin Abdelkader in Avalanche zone.
16:21 of 3rd period - Chad LaRose is hit by Kevin Shattenkirk and loses puck.
18:26 of 3rd period - Shot by Marian Hossa.
18:26 of 3rd period - Shot Blocked by Duncan Keith.
19:08 of 3rd period - Shot by Matt Halischuk.
19:08 of 3rd period - Shot Blocked by Filip Kuba.
19:10 of 3rd period - Shot by Matt Halischuk.
19:10 of 3rd period - Stopped by Mike Smith without a rebound.
19:11 of 3rd period - Kyle Turris wins face-off versus Patrik Elias in Hurricanes zone.


Output by the SimonT Hockey Simulator (STHS) for Stephane Roy -- Original Page W3C XHTML 1.0 Valid
Hockey Simulator - Hockey Simulation - Hockey Manager